 Dungeon Crawl Stone Soup version 0.30-a0-760-g5a9884bb7c (webtiles) character file.

Game seed: 10696446523324164091

167 Farfigtubin the Chopper (level 5, -8/46 HPs)
             Began as a Hill Orc Fighter on Feb 10, 2023.
             Mangled by a gnoll
             ... wielding a +2 halberd of freezing
              (15 damage)
             ... on level 3 of the Dungeon.
             The game lasted 00:12:07 (1995 turns).

Farfigtubin the Chopper (Hill Orc Fighter)          Turns: 1995, Time: 00:12:08

Health: -8/46      AC:  9    Str: 21    XL:     5   Next: 48%
Magic:  5/5        EV: 10    Int:  8    God:
Gold:   191        SH:  4    Dex: 10    Spells: 4/4 levels left

rFire   . . .      SeeInvis .    a - +0 war axe
rCold   . . .      Faith    .    c - +0 buckler
rNeg    + . .      Spirit   .    e - +2 ring mail {rN+}
rPois   .          Reflect  .    (no helmet)
rElec   .          Harm     .    (no cloak)
rCorr   .          Rampage  +    (no gloves)
Will    .....                    h - +0 pair of boots {rampage}
Stlth   +                        (no amulet)
HPRegen 0.27/turn                (no ring)
MPRegen 0.09/turn                (no ring)

@: no status effects
A: no striking features
a: no special abilities


You were on level 3 of the Dungeon.
You visited 1 branch of the dungeon, and saw 3 of its levels.

You collected 191 gold pieces.

Inventory:

Hand Weapons
 a - a +0 war axe (weapon)
Armour
 b - a +0 scale mail
 c - a +0 buckler (worn)
 e - a +2 ring mail of positive energy (worn)
 h - a +0 pair of boots of rampaging (worn)
Magical Staves
 t - a staff of fire
Jewellery
 m - a +6 ring of intelligence
 n - a ring of ice
Scrolls
 f - a scroll of vulnerability {unknown}
 g - 2 scrolls of teleportation {unknown}
 i - 3 scrolls of fear {unknown}
 j - a scroll of blinking {unknown}
 p - a scroll of poison {unknown}
 s - a scroll of identify {unknown}
Potions
 d - 2 potions of might
 k - 2 potions of ambrosia {unknown}
 l - a potion of resistance {unknown}
 o - a potion of invisibility {unknown}
 q - a potion of lignification {unknown}
 r - a potion of heal wounds {unknown}
 u - a potion of curing {unknown}
 v - a potion of haste {unknown}
 w - a potion of brilliance {unknown}


   Skills:
 + Level 4.1 Fighting
 + Level 4.9 Axes
 + Level 4.5 Armour
 + Level 0.8 Dodging
 + Level 0.5 Stealth
 + Level 3.6 Shields


You had 4 spell levels left.
You didn't know any spells.
Your spell library contained the following spells:

 Spells                   Type           Power      Damage    Failure   Level
 Sublimation of Blood     Necr           0%         N/A       80%         2
 Wereblood                Tmut           0%         N/A       80%         2
 Call Canine Familiar     Summ           0%         N/A       95%         3
 Portal Projectile        Hex/Tloc       0%         N/A       95%         3
 Leda's Liquefaction      Hex/Erth       0%         N/A       100%        4
 Summon Hydra             Summ           0%         N/A       100%        7


Dungeon Overview and Level Annotations

Branches:
Dungeon (3/15)

Altars:
Ashenzari
Cheibriados

Shops:
D:3 (


Message History

The gnoll freezes you.
You closely miss the adder. The adder closely misses you.
The adder barely misses you. The gnoll barely misses you.
You slash the adder!
You kill the adder!
You block the gnoll's attack.
You barely miss the endoplasm.
The endoplasm hits you but does no damage.
The gnoll closely misses you. x2; The endoplasm misses you.
A hobgoblin comes into view.
You barely miss the endoplasm.
The endoplasm hits you but does no damage.
You block the gnoll's attack.
You slash the endoplasm!
You kill the endoplasm!
The gnoll barely misses you.
The gnoll hits you with a +2 halberd of freezing!
The gnoll freezes you.
Things that are here:
an adder corpse; an adder corpse You hit the gnoll.
The gnoll is heavily wounded.
The gnoll hits you with a +2 halberd of freezing!
* * * LOW HITPOINT WARNING * * *
The gnoll freezes you.
* * * LOW HITPOINT WARNING * * *
You barely miss the gnoll.
The gnoll is heavily wounded.
You block the gnoll's attack. x2
You closely miss the gnoll.
The gnoll is heavily wounded.
The gnoll closely misses you.
You closely miss the gnoll.
The gnoll is heavily wounded.
The gnoll barely misses you.
You closely miss the gnoll.
The gnoll is heavily wounded.
The gnoll misses you.
The gnoll hits you with a +2 halberd of freezing!
You die...

####### # #.....#### #
###.###....# # #####...#$#....###
# ### #######.....###.###....# #
...##.....#.#...#... #....## #
....<.......#.###.# ###...## #
....>.......#...@.# #.#..####
............#.###g# ###......##
............#...#bg. #...####..#
............###.###.###..######..
......<.....# #...#[#...####....#
...†........###...###.....#..####
..................).......#.##
..........#####.............# #
...##.##### #........>..#######


You could see a gnoll, a hobgoblin and a bat.

Vanquished Creatures
  10 adders
  5 dart slugs
  An orc (D:3)
  6 endoplasms
  5 giant cockroaches
  5 goblins
  2 hobgoblins
  6 jackals (D:3)
  4 quokkas
  4 ball pythons
  8 bats
  4 frilled lizards
  4 kobolds
  4 rats
68 creatures vanquished.

Notes
Turn   | Place    | Note
-------+----------+-------------------------------------------
     0 | D:1      | Farfigtubin the Hill Orc Fighter began the quest for the
                  | Orb.
     0 | D:1      | Reached XP level 1. HP: 19/19 MP: 1/1
   237 | D:1      | Reached XP level 2. HP: 25/27 MP: 2/2
   344 | D:2      | Reached XP level 3. HP: 33/33 MP: 3/3
  1120 | D:3      | Reached XP level 4. HP: 40/40 MP: 4/4
  1198 | D:3      | Found Pipsen's Weapon Shop.
  1365 | D:3      | Found a broken altar of Ashenzari.
  1429 | D:3      | Found a snail-covered altar of Cheibriados.
  1597 | D:2      | Reached XP level 5. HP: 45/46 MP: 5/5
  1695 | D:2      | Identified the +4 sling "Hotebock" {drain, Stlth+}
  1995 | D:3      | Mangled by a gnoll

Illustrated notes

Levels and vault maps discovered:
D:1:      dpeg_cavernosity, layout_basic, minmay_cut_off
D:2:      layout_basic, minmay_pentomino_q4
D:3:      layout_rooms, general_overflow_altar, cheibriados_altar_1,
          serial_shops, nicolae_shop_bloodbath_and_beyond,
          chequers_serial_rivers_room_b, minmay_misc_feat_chi, minmay_quantized

Skill      XL: |  1  2  3  4 |
---------------+-------------+-----
Axes           | 3 4 |  4.9
Armour         | 4 |  4.5
Fighting       | 4 |  4.1
Dodging        | |  0.8
Stealth        | |  0.5
Shields        | |  3.6

Action                     |  1- 3 |  4- 6 || total
---------------------------+-------+-------++-------
  Melee: War axe           |    91 |   106 ||   197
 Armour: Scale mail        |     4 |       ||     4
         Ring mail         |    46 |    59 ||   105
  Dodge: Dodged            |    45 |    70 ||   115
  Block: Buckler           |    22 |    38 ||    60

Table legend: (Time is in decaauts)
 A = Elapsed time spent in this place.
 B = Non-inter-level travel time spent in this place.
 C = Inter-level travel time spent in this place.
 D = Time resting spent in this place.
 E = Time spent auto-exploring this place.
 F = Levels seen in this place.
 G = Mean time per level.
                   A        B        C        D        E       F      G
               +--------+--------+--------+--------+--------+-----+--------+
         Total |   2066 |   2047 |     19 |     87 |    524 |   3 |  688.7 |
       Dungeon |   2066 |   2047 |     19 |     87 |    524 |   3 |  688.7 |
               +--------+--------+--------+--------+--------+-----+--------+

Top non-repeatable levels by time:
     D:1: 1001 daAuts
     D:3: 634 daAuts
     D:2: 431 daAuts
